 Dungeon Crawl Stone Soup version 0.31.0-9-g3a7656b989 (webtiles) character file.

Game seed: 873919523726256353

109 qw the Skirmisher (level 4, 0/25 HPs)
             Began as a Deep Elf Hunter on Feb 2, 2024.
             Slain by an orc
             ... wielding a +0 short sword
              (3 damage)
             ... on level 3 of the Dungeon.
             The game lasted 00:00:07 (1951 turns).

qw the Skirmisher (Deep Elf Hunter)                 Turns: 1951, Time: 00:00:07

Health: 0/25       AC:  6    Str: 10      XL:     4   Next: 59%
Magic:  6/6        EV: 10    Int: 13 (14) God:
Gold:   114        SH:  0    Dex: 14 (16) Spells: 3/3 levels left

rFire   . . .        b - +6 orcbow of Yrrephej {drain, ^Fragile rC+++ rCorr Dex-2}
rCold   + + +        (shield currently unavailable)
rNeg    . . .        d - +0 ring mail
rPois   .            (helmet restricted)
rElec   .            (no cloak)
rCorr   +            f - +0 pair of gloves
SInv    .            (no boots)
Will    .....        g - amulet of faith
Stlth   +            (no ring)
HPRegen 0.24/turn    (no ring)
MPRegen 0.10/turn

%: faith
@: no status effects
A: horns 1, teleportitis 1
a: no special abilities


You were on level 3 of the Dungeon.
You visited 1 branch of the dungeon, and saw 3 of its levels.

You collected 114 gold pieces.


Innate Abilities, Weirdness & Mutations

You have a pair of small horns on your head.
You are occasionally teleported next to monsters.


   Skills:
 - Level 1.5 Fighting
 + Level 8.0 Ranged Weapons
 - Level 2.4 Dodging
 - Level 1.2 Stealth


You had 3 spell levels left.
You didn't know any spells.
Your spell library was empty.

Inventory:

Hand Weapons
 b - the +6 orcbow of Yrrephej (weapon) {drain, ^Fragile rC+++ rCorr Dex-2}
   (You acquired it on level 2 of the Dungeon)

   Dex-2:     It affects your dexterity (-2).
   rC+++:     It renders you almost immune to cold.
   rCorr:     It protects you from acid and corrosion.
   ^Fragile:  It will be destroyed if unequipped.
Armour
 d - a +0 ring mail (worn)
 f - a +0 pair of gloves (worn)
Jewellery
 g - an amulet of faith (around neck)
Scrolls
 e - a scroll of identify
Potions
 a - a potion of magic {unknown}
 c - a potion of heal wounds {unknown}
 h - a potion of curing
 i - a potion of cancellation {unknown}

Dungeon Overview and Level Annotations

Branches:
Dungeon (3/15)

Altars:

Annotations:
D:3 2 transporters, qw's ghost, weakling DEHu


Message History

The bat attacks as it pursues you! The bat completely misses you.
The bat hits you but does no damage.
You shoot an arrow. The arrow barely misses the bat.
The arrow hits the orc.
The orc is moderately wounded.
The bat barely misses you. The bat hits you but does no damage. x3
You shoot an arrow. The hound barks!
The arrow hits the bat.
You kill the bat!
The adder bites you.
You shoot an arrow. The arrow hits the adder.
The adder is moderately wounded.
The adder barely misses you. x2
You shoot an arrow. The arrow hits the adder!
You kill the adder!
The rat bites you.
You shoot an arrow. The arrow hits the rat!
You kill the rat!
Your Ranged Weapons skill increases to level 8!
You shoot an arrow. The arrow hits the orc.
The orc is almost dead.
The orc completely misses you.
You shoot an arrow. The arrow barely misses the orc.
You shoot an arrow. The arrow closely misses the orc.
The orc barely misses you. The orc closely misses you.
You shoot an arrow. The arrow hits the orc!
You kill the orc!
You feel your dexterity returning.
You shoot an arrow. The arrow closely misses the orc.
The orc hits you with a +0 hand axe of electrocution.
The orc hits you with a +0 morningstar!
Qw's ghost laughs crazily.
You shoot an arrow. The arrow barely misses the orc.
The hound stops to sniff the ground.
The orc closely misses you. The orc hits you with a +0 morningstar.
You shoot an arrow. The arrow hits the orc!
You kill the orc!
You shoot an arrow. The arrow barely misses the orc.
The orc hits you with a +0 morningstar. The orc hits you with a +0 short sword.
You die...

#.# #..#B.#...#..#........#
##.###'###..#....^....#......%.#
...^........#..#...#..#........#
##..).......#.#....$#.#........#
#.......)..#^.ho.b...#........#
#..........##8gWB$.8##........#
#...........#########.........##
#...............^...............
#####.####.....@o.....)........#
#.# ########o#############.. #.
.....oo.....# ##. ............#
##### ............# #....
$.S............ #....
............... #....
................ #....
.########.....=. #....


You could see a hound, qw's ghost, 3 orcs, a giant cockroach, a goblin and a
bat.

Vanquished Creatures
  6 adders
  A ribbon worm (D:2)
  3 orcs (D:3)
  6 ball pythons
  5 endoplasms (D:1)
  A giant cockroach (D:1)
  2 goblins
  4 hobgoblins
  5 jackals
  6 kobolds
  2 quokkas (D:1)
  A bat (D:3)
  2 frilled lizards
  4 rats
48 creatures vanquished.

Notes
Turn   | Place    | Note
-------+----------+-------------------------------------------
     0 | D:1      | qw the Deep Elf Hunter began the quest for the Orb.
     0 | D:1      | Reached XP level 1. HP: 12/12 MP: 3/3
     0 | D:1      | 0 ||| qw: Version: 0.3-a-155-g5e7d8dd
     0 | D:1      | 0 ||| qw: Game counter: 1451
     0 | D:1      | 0 ||| qw: Melee chars always use a shield: true
     0 | D:1      | 0 ||| qw: God list: Okawaru
     0 | D:1      | 0 ||| qw: Allow faded altars: false
     0 | D:1      | 0 ||| qw: Do Orc after clearing Dungeon:15 true
     0 | D:1      | 0 ||| qw: Do second Lair branch before Depths: true
     0 | D:1      | 0 ||| qw: Lair rune preference: random
     0 | D:1      | 0 ||| qw: Goals: Normal
     0 | D:1      | 0 ||| PLANNING D:1-11
   165 | D:1      | Reached skill level 6 in Ranged Weapons
   165 | D:1      | Reached XP level 2. HP: 16/16 MP: 4/4
   804 | D:1      | 804 ||| UPGRADING to +0 ring mail.
   814 | D:1      | 814 ||| DROPPING +0 leather armour.
   815 | D:1      | 815 ||| UPGRADING to +0 pair of gloves.
   820 | D:1      | 820 ||| UPGRADING to amulet of faith.
   825 | D:1      | 825 ||| READING scroll labelled NUPUFA OB UDWA.
   826 | D:1      | 826 ||| READING scroll labelled RURYOTW MYIHUGH.
   827 | D:1      | 827 ||| DRINKING 2 golden potions.
   828 | D:1      | 828 ||| DROPPING scroll of butterflies.
   829 | D:1      | 829 ||| DROPPING potion of degeneration.
   934 | D:2      | Reached XP level 3. HP: 20/20 MP: 5/5
  1049 | D:2      | Reached skill level 7 in Ranged Weapons
  1319 | D:2      | Reached XP level 4. HP: 25/25 MP: 6/6
  1733 | D:2      | 1733 ||| READING scroll labelled XEATIDO KIAGA.
  1733 | D:2      | Identified a scroll of acquirement
  1733 | D:2      | 1733 ||| ACQUIRING +6 orcbow of Yrrephej {drain, ^Fragile
                  | rC+++ rCorr Dex-2}
  1733 | D:2      | Acquired the +6 orcbow of Yrrephej {drain, ^Fragile rC+++
                  | rCorr Dex-2}
  1735 | D:2      | 1735 ||| SWAPPING to +6 orcbow of Yrrephej {drain, ^Fragile
                  | rC+++ rCorr Dex-2}.
  1736 | D:2      | 1736 ||| DROPPING +0 shortbow.
  1737 | D:2      | 1737 ||| READING scroll labelled YZYDAI DOSYBB.
  1737 | D:2      | 1737 ||| IDENTIFYING brown potion
  1738 | D:2      | 1738 ||| DRINKING 2 puce potions.
  1738 | D:2      | Gained mutation: You occasionally lose the ability to drink
                  | potions when taking damage. [potion of mutation]
  1738 | D:2      | Gained mutation: You are covered in fur. (AC +1) [potion of
                  | mutation]
  1738 | D:2      | Gained mutation: You have sharp fingernails. [potion of
                  | mutation]
  1739 | D:2      | 1739 ||| DRINKING potion of mutation.
  1739 | D:2      | Lost mutation: You have sharp fingernails. [potion of
                  | mutation]
  1739 | D:2      | Lost mutation: You occasionally lose the ability to drink
                  | potions when taking damage. [potion of mutation]
  1739 | D:2      | Lost mutation: You are covered in fur. (AC +1) [potion of
                  | mutation]
  1739 | D:2      | Gained mutation: You are occasionally teleported next to
                  | monsters. [potion of mutation]
  1739 | D:2      | Gained mutation: You have a pair of small horns on your
                  | head. [potion of mutation]
  1877 | D:3      | Noticed qw's ghost (weakling DEHu)
  1878 | D:3      | Found a transporter.
  1900 | D:3      | Found a transporter.
  1936 | D:3      | 1936 ||| RETREEEEATING.
  1937 | D:3      | 1937 ||| RETREEEEATING.
  1938 | D:3      | 1938 ||| RETREEEEATING.
  1944 | D:3      | Reached skill level 8 in Ranged Weapons
  1948 | D:3      | HP: 5/25 [orc/+0 morningstar (9)]
  1951 | D:3      | Slain by an orc

Levels and vault maps discovered:
D:1:      eino_arrival_cavern_b, layout_basic
D:2:      layout_basic
D:3:      layout_basic, gammafunk_ghost_arena

Skill      XL: |  1  2  3  4 |
---------------+-------------+-----
Ranged Weapons | 6 7 8 |  8.0
Fighting       | |  1.5
Dodging        | |  2.4
Stealth        | |  1.2

Action                     |  1- 3 |  4- 6 || total
---------------------------+-------+-------++-------
   Fire: Shortbow          |   113 |       ||   113
         Orcbow            |       |    27 ||    27
    Use: Scroll            |     2 |     2 ||     4
         Potion            |     1 |     2 ||     3
 Armour: Leather armour    |     5 |       ||     5
         Ring mail         |    17 |    21 ||    38
  Dodge: Dodged            |    26 |    17 ||    43

Table legend:
 A = Non-vault XP
 B = Vault XP
 C = Vault XP percentage of total XP
 D = Non-vault monster count
 E = Vault monster count
 F = Vault count percentage of total count
                 A         B        C        D         E       F
            +---------+---------+-------+---------+---------+-------
      Total |     156 |       0 |   0.0 |      48 |       0 |   0.0
            +---------+---------+-------+---------+---------+-------
        D:1 |      35 |       0 |   0.0 |      21 |       0 |   0.0
        D:2 |      70 |       0 |   0.0 |      13 |       0 |   0.0
        D:3 |      51 |       0 |   0.0 |      14 |       0 |   0.0
            +---------+---------+-------+---------+---------+-------
